 Dungeon Crawl Stone Soup version bcrawl-1.40.3b (webtiles) character file.

Game seed: 6503834099414036732

211982 Finalfun the Shield-Bearer (level 8, -4/55 HPs)
             Began as an Octopode Archaeologist on Mar 24, 2024.
             Was an Initiate of Gozag.
             Slain by a warg (12 damage)
             ... on level 7 of the Dungeon.
             The game lasted 00:14:33 (6657 turns).

Finalfun the Shield-Bearer (Octopode Archaeologist) Turns: 6657, Time: 00:14:34

Health: -4/55      AC:  3    Str: 13    XL:     8   Next: 98%
Magic:  8/8        EV: 12    Int: 16    God:    Gozag
Gold:   623        SH:  9    Dex: 10    Spells: 7/7 levels left

rFire    . . .     GDR:     22%   - Tentacles (10.9)
rCold    . . .     SeeInvis .   f - +3 warlock's mirror {reflect}
rNeg     . . .     Gourm    .   c - +2 hat
rPois    .         Faith    .   (cloak restricted)
rElec    .         Spirit   .   x - amulet of the acrobat
rCorr    .         Reflect  +   (no ring)
MR       .....                  (no ring)
Stlth    ++++......             (no ring)
HPRegen  0.19/turn              (no ring)
MPRegen  0.11/turn              (no ring)
                                (no ring)
                                (no ring)
                                (no ring)

@: no status effects
A: almost no armour, stealthy swim, resist paralysis, amphibious, 8 rings,
constrict 8, camouflage 1, gelatinous body 1
a: Potion Petition, Call Merchant, Bribe Branch, Renounce Religion


You were on level 7 of the Dungeon.
You worshipped Gozag.
Gozag was pleased with you.
You were not hungry.

You visited 2 branches of the dungeon, and saw 9 of its levels.

You collected 758 gold pieces.
You paid 135 gold pieces to Gozag.

Inventory:

Hand Weapons
 b - a +0 blowgun
 k - a +0 dagger of protection
Missiles
 d - 5 curare-tipped needles
 i - 40 exploding tomahawks (quivered)
 l - 2 throwing nets {=f}
Armour
 c - a +2 hat (worn)
 f - the +3 warlock's mirror (worn) {reflect}
   (You acquired it on level 3 of the Dungeon)
Jewellery
 x - an amulet of the acrobat (around mantle)
Wands
 n - a wand of iceblast (7)
 B - a wand of acid (9)
Scrolls
 a - 3 scrolls of remove curse
 g - 2 scrolls of revelation
 j - a scroll of fog {unknown}
 o - a scroll of immolation {unknown}
 p - 3 scrolls of enchant armour
 r - 2 scrolls of fear {unknown}
 s - a scroll of enchant weapon
 t - 2 scrolls of teleportation
 v - 3 scrolls of amnesia
 y - a scroll of blinking {unknown}
Potions
 h - 2 potions of heal wounds
 m - a potion of magic
 q - a potion of brilliance
 u - 2 potions of flight {unknown}
 w - 2 potions of curing {unknown}
 z - 2 potions of might {unknown}
 A - a potion of resistance {unknown}
Comestibles
 e - 8 rations {!d}


   Skills:
 - Level 5.0 Fighting
   Level 1.0 Maces & Flails
 - Level 3.0 Dodging
 - Level 5.0 Stealth
 + Level 7.0 Shields
 + Level 6.4 Unarmed Combat


You had 7 spell levels left.
You didn't know any spells.
Your spell library was empty.

Dungeon Overview and Level Annotations

Branches:
Dungeon (8/12)             Temple (1/1) D:5
   Lair: D:7-9          Orc: D:8-11

Altars:
Dithmenos
Elyvilon
Fedhas
Gozag
Kikubaaqudgha
Lugonu
Makhleb
Nemelex Xobeh
Okawaru
Qazlal
Sif Muna
Uskayaw
Xom
Yredelemnul


Innate Abilities, Weirdness & Mutations

You cannot wear most types of armour.
You are very stealthy in the water. (Stealth+)
Your unusual nervous system resists paralysis.
You are amphibious.
You can wear up to eight rings at the same time.
You can use your tentacles to constrict eight enemies at once.
Your skin changes colour to match your surroundings (Stealth+).
Your rubbery body absorbs attacks. (AC +1, EV +1)


Message History

An orc wizard comes into view. It is wielding a +0 dagger.
The warg bites you! x2
The orc priest mumbles some strange prayers to Beogh against you.
Beogh smites you! You block the warg's attack. The warg completely misses you.
There is a stone staircase leading up here.
You block the warg's attack. x2; The warg bites you!
* * * LOW HITPOINT WARNING * * *
A rune on the stairs sparks and fizzles.
You climb upwards.
There is a stone staircase leading down here.
You miss the warg.
The warg is almost dead.
You block the warg's attack.
You closely miss the warg.
The warg is severely wounded.
The warg bites you!
You die...
Your body crumbles into a pile of gold.

###..........#..#
#..(.......##.#
#..........##.#
#..........##.##
#..........##..#
#......|...##..#
#..........##..#
###..........##h.#
.............'..@#
###..........#####
############


You could see a warg.

Vanquished Creatures
  2 hippogriffs
  A black bear (D:6)
  An ice beast (D:7)
  An ogre (D:2)
  2 centaurs
  A howler monkey (D:6)
  6 orc priests
  4 crimson imps
  A jelly (D:7)
  3 worker ants
  3 orc wizards (D:5)
  A hound zombie (D:4)
  3 hound skeletons
  A howler monkey skeleton (D:6)
  6 adders
  2 shadow imps
  2 oozes
  2 adder skeletons
  3 worms
  2 dart slugs
  2 leopard geckos (D:1)
  23 orcs
  6 bats
  2 giant cockroaches
  6 goblins
  15 hobgoblins
  9 jackals
  15 kobolds
  7 quokkas
  A ball python (D:1)
  6 frilled lizards
  A quokka skeleton (D:4)
  6 rats
146 creatures vanquished.

Vanquished Creatures (others)
  A quokka (D:3)
1 creature vanquished.

Grand Total: 147 creatures vanquished

Notes
Turn   | Place    | Note
-------+----------+-------------------------------------------
     0 | D:1      | Finalfun the Octopode Archaeologist began the quest for the
                  | Orb.
     0 | D:1      | Reached XP level 1. HP: 13/13 MP: 1/1
   202 | D:1      | Reached XP level 2. HP: 14/19 MP: 2/2
   762 | D:1      | Reached XP level 3. HP: 25/25 MP: 3/3
  1099 | D:2      | Noticed an ogre
  1359 | D:2      | Reached XP level 4. HP: 31/31 MP: 4/4
  1570 | D:3      | Reached skill level 5 in Stealth
  1795 | D:3      | Found a sparkling altar of Nemelex Xobeh.
  1938 | D:3      | Reached XP level 5. HP: 17/38 MP: 5/5
  1938 | D:3      | Identified a scroll of acquirement
  1938 | D:3      | Identified the ring "Qeubri" {rElec rN+ Int+4} (You
                  | acquired it on level 3 of the Dungeon)
  1939 | D:3      | Found the +3 warlock's mirror {reflect}
  2103 | D:3      | Found a blossoming altar of Fedhas.
  2382 | D:3      | Reached skill level 1 in Shields
  2414 | D:3      | Reached skill level 5 in Fighting
  2430 | D:3      | Reached skill level 2 in Shields
  2430 | D:3      | Reached XP level 6. HP: 13/45 MP: 6/6
  2704 | D:4      | Reached skill level 1 in Unarmed Combat
  3032 | D:2      | Reached skill level 3 in Shields
  3711 | D:4      | Noticed a phantom
  3986 | D:5      | Entered Level 5 of the Dungeon
  4003 | D:5      | Reached XP level 7. HP: 47/50 MP: 7/7
  4067 | D:5      | Found a staircase to the Ecumenical Temple.
  4239 | D:5      | Reached skill level 4 in Shields
  4890 | Temple   | Entered the Ecumenical Temple
  4896 | Temple   | Became a worshipper of Gozag Ym Sagoz the Greedy
  5108 | D:6      | Reached skill level 5 in Shields
  5108 | D:6      | Reached XP level 8. HP: 40/55 MP: 8/8
  5256 | D:6      | Noticed a hippogriff
  5270 | D:6      | Killed a hippogriff
  5271 | D:6      | Reached skill level 5 in Unarmed Combat
  5592 | D:4      | Reached skill level 6 in Shields
  5793 | D:7      | Noticed a hippogriff
  6297 | D:7      | Killed a hippogriff
  6418 | D:7      | Reached skill level 7 in Shields
  6657 | D:7      | Slain by a warg

Skill      XL: |  1  2  3  4  5  6  7  8 |
---------------+-------------------------+-----
Fighting       | 2 3 4 5 |  5.0
Stealth        | 5 |  5.0
Shields        | 2 3 5 7 |  7.0
Unarmed Combat | 2 4 6 |  6.4
Maces & Flails | |  1.0
Dodging        | |  3.0

Action                   |  1- 3 |  4- 6 |  7- 9 || total
-------------------------+-------+-------+-------++-------
Melee: Unarmed           |   120 |   255 |   157 ||   532
       Constrict         |    45 |    45 |    31 ||   121
       Whip              |     5 |       |       ||     5
       Tentacles         |    24 |    47 |    37 ||   108
       Punch             |       |     2 |     3 ||     5
 Fire: Blowgun           |       |     1 |       ||     1
Throw: Tomahawk          |       |       |     3 ||     3
  Use: Scroll            |       |     1 |     9 ||    10
       Potion            |       |     1 |     2 ||     3
 Stab: Sleeping          |     5 |     7 |     9 ||    21
       Distracted        |       |       |     1 ||     1
  Eat: Chunk             |     4 |    13 |     7 ||    24
       Ration            |       |       |     2 ||     2
Armor: Skin              |    20 |    15 |    18 ||    53
Dodge: Dodged            |    79 |    87 |    76 ||   242
Block: Buckler           |       |    60 |    51 ||   111
       Reflection        |       |     4 |     1 ||     5
